 Dungeon Crawl Stone Soup version 0.29.1-2-gbd0b4ee654 (webtiles) character file.

Game seed: 5117578190589527576

27 qeuew the Vexing (level 2, -2/16 HPs)
             Began as a Deep Elf Arcane Marksman on Nov 4, 2022.
             Frozen to death by an endoplasm (3 damage)
             ... on level 1 of the Dungeon.
             The game lasted 00:02:05 (781 turns).

qeuew the Vexing (Deep Elf Arcane Marksman)          Turns: 781, Time: 00:02:06

Health: -2/16      AC: 11    Str:  7    XL:     2   Next: 93%
Magic:  7/7        EV: 10    Int: 17    God:
Gold:   74         SH:  0    Dex: 15    Spells: 4/5 levels left

rFire   . . .      SeeInvis .   a - +1 sling
rCold   . . .      Faith    .   (no shield)
rNeg    . . .      Spirit   .   f - +0 ring mail
rPois   .          Reflect  .   (no helmet)
rElec   .          Harm     .   d - +2 cloak
rCorr   .          Rampage  .   b - +2 pair of gloves
Will    .....                   (no boots)
Stlth   +.........              (no amulet)
HPRegen 0.05/turn               (no ring)
MPRegen 0.10/turn               (no ring)

@: no status effects
A: no striking features
a: no special abilities


You were on level 1 of the Dungeon.
You visited 1 branch of the dungeon, and saw 2 of its levels.

You collected 74 gold pieces.

Inventory:

Hand Weapons
 a - a +1 sling (weapon)
Armour
 b - a +2 pair of gloves (worn)
 d - a +2 cloak (worn)
 f - a +0 ring mail (worn)
Scrolls
 c - a scroll of identify
Potions
 e - a potion of lignification {unknown}


   Skills:
 + Level 1.0 Fighting
 * Level 3.4 Ranged Weapons
 + Level 0.2 Armour
 + Level 2.7 Dodging
 + Level 2.0 Spellcasting
 * Level 4.4 Hexes


You had 4 spell levels left.
You knew the following spells:

 Your Spells              Type           Power      Damage    Failure   Level
a - Slow                  Hex            64%        N/A       11%         1

Your spell library contained the following spells:

 Spells                   Type           Power      Damage    Failure   Level
 Inner Flame              Hex/Fire       9%         N/A       63%         3
 Portal Projectile        Hex/Tloc       18%        N/A       63%         3
 Cause Fear               Hex            8%         N/A       73%         4


Dungeon Overview and Level Annotations

Branches:
Dungeon (2/15)

Altars:


Message History

You shoot a sling bullet.
The sling bullet barely misses the endoplasm.
The goblin closely misses you. The endoplasm hits you.
You are too injured to fight recklessly!
Unknown command.
You are too injured to fight recklessly!
You are too injured to fight recklessly!
Unknown command.
The goblin hits you but does no damage. The endoplasm barely misses you.
You climb upwards.
There is a stone staircase leading down here.
Fire: a) +1 sling
Press: ? - help, Q - select action, (/) - cycle Shift-Dir - straight line, f - goblin
Aim: a goblin, wielding a +0 dagger (50% to hit)
You shoot a sling bullet. The sling bullet hits the goblin.
You kill the goblin!
The endoplasm freezes you.
You are frozen.
The endoplasm hits you but does no damage.
Fire: a) +1 sling
Press: ? - help, Q - select action, (/) - cycle Shift-Dir - straight line, f - endoplasm
Aim: an endoplasm (heavily wounded, 85% to hit)
You shoot a sling bullet.
The sling bullet hits the endoplasm but does no damage.
The endoplasm is heavily wounded.
The endoplasm freezes you.
You are frozen.
* * * LOW HITPOINT WARNING * * *
Fire: a) +1 sling
Press: ? - help, Q - select action, (/) - cycle Shift-Dir - straight line, f/p - endoplasm
Aim: an endoplasm (heavily wounded, 85% to hit)
You shoot a sling bullet.
The sling bullet hits the endoplasm but does no damage.
The endoplasm is heavily wounded.
The endoplasm freezes you.
You are frozen.
* * * LOW HITPOINT WARNING * * *
The endoplasm freezes you.
You are frozen.
You die...

#.###..##..##.# #.###......##(#
######
########...#..#....#.#####.....
#...b.##..b........#.....#.#.#>
#####.#b##.####........###.#.#.##
.....b[bb..#.........####.......#
#######b####.###.....# ####...##
#b###...##)#...## #.###
#b.b....##@.....# #.##
#####...##.J....# ###.>##
#...##......# ##...#.#
######....#####..#.<##
###.##....##.##.###
#......##....##...##
#......#####.##....# #......#
#.##.#.## #......# #..#.#.#>


You could see an endoplasm.

Vanquished Creatures
  An adder (D:2)
  3 endoplasms (D:1)
  3 goblins
  A hobgoblin (D:1)
  2 jackals (D:1)
  A ball python (D:2)
  A frilled lizard (D:1)
  A kobold (D:1)
  4 rats (D:1)
17 creatures vanquished.

Notes
Turn   | Place    | Note
-------+----------+-------------------------------------------
     0 | D:1      | qeuew the Deep Elf Arcane Marksman began the quest for the
                  | Orb.
     0 | D:1      | Reached XP level 1. HP: 11/11 MP: 5/5
   158 | D:1      | Found a faded altar of an unknown god.
   320 | D:1      | Reached XP level 2. HP: 14/16 MP: 6/6
   331 | D:1      | Reached skill level 1 in Fighting
   694 | D:2      | Identified the +5 war axe "Itumo" {drain, *Slow rPois rC+
                  | Str+3}
   781 | D:1      | Frozen to death by an endoplasm

Illustrated notes

Levels and vault maps discovered:
D:1:      onia_arrival_handbag, layout_basic, basic_ecumenical_altar
D:2:      layout_loops_ring, basic_altar, serial_shops,
          nicolae_shop_overgrown_old_shop, nicolae_shop_trees, shop, hex_large,
          minmay_pentomino_o2, uniq_jessica

Skill      XL: |  1  2 |
---------------+-------+-----
Ranged Weapons | 3 |  3.4
Fighting       | 1 |  1.0
Spellcasting   | 2 |  2.0
Armour         | |  0.2
Dodging        | |  2.7
Hexes          | |  4.4

Action                   || total
-------------------------++-------
 Fire: Sling             ||    53
 Cast: Slow              ||     1
  Use: Scroll            ||     3
Armor: Ring mail         ||    34
Dodge: Dodged            ||    27
